 Dungeon Crawl Stone Soup version 0.27-a0-836-gfc908b8576 (webtiles) character file.

Game seed: 11024970135150130967

72947 porpoise the Thaumaturge (level 15, -12/86 HPs)
             Began as a Deep Elf Conjurer on Apr 1, 2021.
             Was the Champion of Vehumet.
             Mangled by a war gargoyle
             ... wielding a +2 great mace of protection
              (38 damage)
             ... on level 14 of the Dungeon.
             The game lasted 02:45:59 (34364 turns).

porpoise the Thaumaturge (Deep Elf Conjurer)       Turns: 34364, Time: 02:45:59

Health: -12/86     AC: 13    Str:  8    XL:     15   Next: 2%
Magic:  12/33      EV: 20    Int: 26    God:    Vehumet [******]
Gold:   2011       SH:  5    Dex: 13    Spells: 7/38 levels left

rFire    . . .     SeeInvis .   b - +5 hunting sling (flame)
rCold    . . .     Faith    .   M - +0 buckler
rNeg     . . .     Spirit   .   V - +0 acid dragon scales
rPois    +         Reflect  .   (no helmet)
rElec    .         Harm     .   h - +0 cloak {rPois}
rCorr    +         Rampage  .   N - +2 pair of gloves {Stlth+}
Will     ++...                  L - +0 pair of boots
Stlth    +++.......             O - amulet of the acrobat
HPRegen  0.24/turn              n - +4 ring of evasion
MPRegen  0.23/turn              g - ring of willpower

@: no status effects
A: no striking features
a: Renounce Religion


You were on level 14 of the Dungeon.
You worshipped Vehumet.
Vehumet was exalted by your worship.
You visited 3 branches of the dungeon, and saw 22 of its levels.
You also visited: Ossuary.

You collected 2593 gold pieces.
You spent 582 gold pieces at shops.

Inventory:

Hand Weapons
 a - a +3 whip of electrocution
 b - a +5 hunting sling of flaming (weapon)
Missiles
 k - 14 curare-tipped darts
 t - 8 poisoned darts
 J - 124 sling bullets (quivered ammo)
Armour
 h - a +0 cloak of poison resistance (worn)
 L - a +0 pair of boots (worn)
 M - a +0 buckler (worn)
 N - a +2 pair of gloves of stealth (worn)
 Q - a scarf of resistance
 V - +0 acid dragon scales (worn)
Jewellery
 g - a ring of willpower (right hand)
 n - a +4 ring of evasion (left hand)
 O - an amulet of the acrobat (around neck)
Wands
 i - a wand of charming (23)
 p - a wand of iceblast (5)
 s - a wand of acid (28)
 u - a wand of flame (33)
 A - a wand of digging (5)
 U - a wand of mindburst (17)
 Z - a wand of paralysis (4)
Scrolls
 e - a scroll of fog
 f - 3 scrolls of magic mapping
 j - a scroll of fear
 l - 6 scrolls of teleportation
 w - a scroll of silence {unknown}
 y - a scroll of enchant weapon
 C - a scroll of noise
 G - a scroll of brand weapon {unknown}
 H - a scroll of summoning
 S - a scroll of vulnerability
Potions
 d - 2 potions of might
 o - 4 potions of attraction
 q - a potion of lignification {unknown}
 r - 4 potions of magic
 v - a potion of experience {unknown}
 x - 8 potions of curing
 z - 10 potions of ambrosia
 B - 14 potions of degeneration {unknown}
 E - 2 potions of heal wounds
 F - a potion of resistance {unknown}
 I - 3 potions of brilliance
 K - 5 potions of haste
 P - a potion of berserk rage {unknown}
 W - 2 potions of invisibility {unknown}
Miscellaneous
 c - a box of beasts
 m - a condenser vane


   Skills:
 - Level 7.0 Fighting
 - Level 5.0 Armour
 - Level 12.0 Dodging
 - Level 5.0 Stealth
 - Level 4.0 Shields
 - Level 12.0 Spellcasting
 - Level 9.0 Conjurations
 - Level 12.0 Hexes
 + Level 7.5 Translocations
 - Level 5.0 Transmutations
 - Level 5.0 Fire Magic
 - Level 7.0 Ice Magic
 - Level 7.0 Air Magic
 - Level 7.0 Poison Magic
 - Level 9.0 Evocations


You had 7 spell levels left.
You knew the following spells:

 Your Spells              Type           Power      Damage    Failure   Level
a - Magic Dart            Conj           100%       1d8       1%          1
b - Searing Ray           Conj           100%       3d7       1%          2
c - Fulminant Prism       Conj/Hex       31%        3d16      1%          4
d - Iskenderun's Mystic   Conj/Tloc      55%        2d12      1%          4
i - Ignite Poison         Fire/Tmut/Pois 45%        N/A       1%          3
k - Blink                 Tloc           N/A        N/A       1%          2
o - Olgreb's Toxic Radia  Pois           51%        N/A       1%          4
r - Airstrike             Air            25%        N/A       1%          4
z - Ozocubu's Refrigerat  Ice            25%        4d10      56%         7

Your spell library contained the following spells:

 Spells                   Type           Power      Damage    Failure   Level
 Eringya's Noxious Bog    Tmut/Pois      23%        N/A       21%         6
 Corona                   Hex            74%        N/A       1%          1
 Shock                    Conj/Air       100%       1d9       1%          1
 Sting                    Tmut/Pois      100%       1d8       1%          1
 Ensorcelled Hibernation  Hex/Ice        100%       N/A       1%          2
 Poisonous Vapours        Pois/Air       100%       N/A       1%          2
 Slow                     Hex            67%        N/A       1%          2
 Swiftness                Air            51%        N/A       1%          2
 Confusing Touch          Hex            67%        N/A       1%          3
 Conjure Flame            Conj/Fire      51%        6-21      1%          3
 Dazzling Flash           Conj/Hex       100%       N/A       1%          3
 Gell's Gravitas          Tloc           26%        N/A       1%          3
 Mephitic Cloud           Conj/Pois/Air  53%        N/A       1%          3
 Static Discharge         Conj/Air       55%        N/A       1%          3
 Tukima's Dance           Hex            67%        N/A       1%          3
 Lightning Bolt           Conj/Air       27%        1d44      1%          5
 Yara's Violent Unravell  Hex/Tmut       28%        3d12      1%          5
 Metabolic Englaciation   Hex/Ice        30%        N/A       3%          5
 Call Imp                 Summ           15%        N/A       10%         2
 Petrify                  Tmut/Erth      28%        N/A       22%         4


Dungeon Overview and Level Annotations

Branches:
Dungeon (14/15)            Temple (0/1) D:7            Lair (6/6) D:10
 Shoals (0/4) Lair:2       Spider (0/4) Lair:4        Slime (0/5) Lair:5
    Orc (2/2) D:9             Elf (0/3) Orc:2       Ossuary (visited)
 Vaults: D:13-14

Altars:
Ashenzari
Cheibriados
Elyvilon
Gozag
Hepliaklqana
Kikubaaqudgha
Makhleb
Qazlal
Sif Muna
Trog
Vehumet
Xom
Yredelemnul
The Shining One
Beogh

Shops:
D:9 (   Orc:2 :([(

Annotations:
D:12 Fire Dragon


Message History

Casting: Olgreb's Toxic Radiance (mildly dangerous; 1% risk of failure)
Confirm with . or Enter, or press ? or * to list all spells.
You ignite the poison in your surroundings!
The killer bee seems to burn from within!!
You kill the killer bee!
Vehumet accepts your kill.
The killer bee seems to burn from within!!
You kill the killer bee!
Vehumet accepts your kill.
You feel your power returning.
The cyclops seems to burn from within!!!
The cyclops is severely wounded.
The cyclops is poisoned.
A killer bee comes into view.
The killer bee moves out of view.
A cyclops comes into view.
You are too injured to fight recklessly!
Casting: Ignite Poison (safe; 1% risk of failure)
Confirm with . or Enter, or press ? or * to list all spells.
You ignite the poison in your surroundings!
The killer bee seems to burn from within.
The killer bee is almost dead.
The cyclops seems to burn from within!
You kill the cyclops!
Vehumet accepts your kill.
You feel your power returning.
You kill the killer bee!
Vehumet accepts your kill.
You feel your power returning.
The cyclops is poisoned.
Your toxic aura wanes.
You see here a +1 short sword of draining.
A killer bee comes into view.
The war gargoyle hits you with a +2 great mace of protection!
The killer bee buzzes angrily.
As you read the scroll of fear, it crumbles to dust.
You assume a fearsome visage.
The cyclops looks frightened!
The killer bee looks frightened!
The war gargoyle is unaffected.
You hear an angry buzzing noise.
The war gargoyle hits you with a +2 great mace of protection!!!
You die...

#.#....#........
.#)...<.#........
#.......#........
#.#.#.#..#........
#.#.#.#.#........
#.#.#.#.#######.
....###.#.#
......#.#.##
.......#@#.#
........#9##
..#..#..#.###
....#...#..# #
#..#y.#)#.# y.
##.C..#9#.#
#†.#.).†††#..#
#.†..#†)#.#.#
y#..#).#.#.#


You could see a war gargoyle, a cyclops (fleeing) and a killer bee (fleeing).

Vanquished Creatures
  An orc warlord (Orc:2)
  Nessos (D:13)
  Snorg (Lair:5)
  A fire dragon (D:12)
  An ettin (Orc:2)
  Harold (Lair:1)
  3 hydras
  5 catoblepae
  Erolcha (Orc:2)
  6 death yaks (Lair:6)
  A two-headed ogre (D:10)
  A tengu warrior (D:14)
  3 centaur warriors
  An orc high priest (Orc:1)
  Pikel (D:5)
  An orb spider (Lair:4)
  3 orc knights (Orc:2)
  2 deep elf pyromancers (D:14)
  2 cyclopes
  2 manticores (Lair:6)
  An ugly thing (D:14)
  11 elephants
  4 oklob plants (Lair:1)
  4 black mambas
  3 gargoyles
  15 cane toads
  5 rime drakes
  Maggie (D:8)
  A kobold demonologist (D:13)
  4 komodo dragons
  2 tengu conjurers
  A meliai (D:14)
  A queen bee (D:11)
  5 trolls
  28 blink frogs
  6 slime creatures (D:13)
  6 dream sheep
  2 shadows
  7 wyverns
  5 basilisks
  4 vampire mosquitoes (D:11)
  46 yaks
  2 steam dragons
  4 wargs
  3 acid dragons
  18 water moccasins
  40 orc warriors
  3 black bears
  2 necrophages
  3 sky beasts
  6 ogres
  8 wolves
  11 centaurs
  A lemure (D:5)
  4 kobold brigands
  16 bullfrogs
  A wyvern zombie (D:8)
  A scorpion (D:5)
  A water moccasin skeleton (D:5)
  48 killer bees
  6 howler monkeys
  17 wights
  An electric eel (D:11)
  4 centaur zombies
  A hound (D:5)
  2 gnoll shamans
  A bullfrog zombie (D:6)
  4 jellies
  21 orc priests
  A bullfrog skeleton (D:6)
  Ijyb (D:5)
  An iguana (D:5)
  18 orc wizards
  3 killer bee zombies
  6 mummies
  16 gnolls
  A howler monkey skeleton (D:5)
  8 adders
  A white imp (D:6)
  4 worms
  5 dart slugs
  74 orcs
  8 endoplasms
  4 giant cockroaches
  2 gnoll zombies (Ossuary)
  6 goblins
  3 hobgoblins (D:1)
  10 jackals
  4 quokkas
  7 ball pythons
  7 bats
  3 frilled lizards
  2 goblin zombies (Ossuary)
  18 kobolds
  2 kobold zombies (Ossuary)
  2 orc zombies (Ossuary)
  3 rats
649 creatures vanquished.

Vanquished Creatures (others)
  A two-headed ogre (D:8)
  A yak (D:8)
  3 orc warriors (D:8)
  A centaur (D:8)
  A bullfrog (D:8)
  A gnoll sergeant (D:8)
  A centaur zombie (D:8)
  A killer bee zombie (D:8)
  A howler monkey zombie (D:8)
  An orc (D:8)
  152 fulminant prisms
  73 fungi
  99 plants
336 creatures vanquished.

Grand Total: 985 creatures vanquished

Notes
Turn   | Place    | Note
-------+----------+-------------------------------------------
     0 | D:1      | porpoise the Deep Elf Conjurer began the quest for the Orb.
     0 | D:1      | Reached XP level 1. HP: 10/10 MP: 6/6
   178 | D:1      | Reached XP level 2. HP: 9/15 MP: 3/8
   566 | D:1      | Learned a level 2 spell: Searing Ray
   921 | D:1      | Reached skill level 5 in Conjurations
   921 | D:1      | Reached XP level 3. HP: 19/19 MP: 6/10
  1592 | D:2      | Reached XP level 4. HP: 24/24 MP: 9/12
  1619 | D:2      | Learned a level 4 spell: Fulminant Prism
  1624 | D:2      | Learned a level 4 spell: Iskenderun's Mystic Blast
  1702 | D:2      | Found a burning altar of Makhleb.
  1706 | D:2      | Found a snail-covered altar of Cheibriados.
  2117 | D:3      | Reached skill level 5 in Spellcasting
  2373 | D:3      | Found a radiant altar of Vehumet.
  2375 | D:3      | Found a shimmering altar of Xom.
  2388 | D:3      | Became a worshipper of Vehumet
  2473 | D:3      | Found a faded altar of an unknown god.
  2696 | D:3      | Found a broken altar of Ashenzari.
  2718 | D:3      | Noticed an ogre
  2724 | D:3      | Killed an ogre
  2725 | D:3      | Reached skill level 1 in Fighting
  2725 | D:3      | Reached XP level 5. HP: 29/29 MP: 9/14
  3021 | D:3      | Found a shimmering altar of Xom.
  3486 | D:4      | Found a sand-covered staircase.
  3516 | Ossuary  | Entered an ossuary
  3553 | Ossuary  | Reached XP level 6. HP: 35/35 MP: 11/15
  4117 | D:4      | Reached * piety under Vehumet
  4117 | D:4      | Offered knowledge of Sandblast by Vehumet.
  4228 | D:4      | Learned a level 2 spell: Blink
  4260 | D:4      | Found a white marble altar of Elyvilon.
  5002 | D:5      | Entered Level 5 of the Dungeon
  5044 | D:5      | Reached skill level 1 in Hexes
  5044 | D:5      | Reached XP level 7. HP: 41/41 MP: 13/16
  5217 | D:5      | Noticed Pikel
  5228 | D:5      | Killed Pikel
  5229 | D:5      | Reached skill level 5 in Hexes
  5229 | D:5      | Reached XP level 8. HP: 45/48 MP: 11/17
  5291 | D:5      | Noticed Ijyb
  5297 | D:5      | Killed Ijyb
  5298 | D:5      | Reached skill level 5 in Fighting
  5611 | D:5      | Found an ancient bone altar of Kikubaaqudgha.
  6360 | D:5      | Found a shimmering blue altar of Sif Muna.
  6616 | D:6      | Reached skill level 1 in Translocations
  6716 | D:6      | Reached skill level 5 in Dodging
  6850 | D:6      | Reached skill level 1 in Evocations
  6983 | D:6      | Reached skill level 1 in Shields
  7127 | D:6      | Offered knowledge of Foxfire by Vehumet.
  7276 | D:6      | Reached ** piety under Vehumet
  7281 | D:6      | Reached XP level 9. HP: 54/54 MP: 10/18
  7668 | D:6      | Found a basalt altar of Yredelemnul.
  7675 | D:6      | Found a glowing golden altar of the Shining One.
  7682 | D:6      | Found an opulent altar of Gozag.
  7823 | D:7      | Found a staircase to the Ecumenical Temple.
  8012 | D:7      | Noticed a troll
  8015 | D:7      | Killed a troll
  8146 | D:7      | Reached skill level 5 in Translocations
  9114 | D:8      | Killed a two-headed ogre
  9268 | D:8      | Offered knowledge of Ignite Poison by Vehumet.
  9315 | D:8      | Found a shimmering altar of Xom.
  9432 | D:8      | Noticed Maggie
  9438 | D:8      | Killed Maggie
  9929 | D:8      | Found a bloodstained altar of Trog.
  9997 | D:8      | Reached XP level 10. HP: 59/59 MP: 16/19
 10266 | D:9      | Reached skill level 5 in Evocations
 10386 | D:9      | Reached *** piety under Vehumet
 10670 | D:9      | Noticed a gargoyle
 10678 | D:9      | Killed a gargoyle
 10910 | D:9      | Identified a scroll of acquirement
 10910 | D:9      | Acquired a +0 cloak of poison resistance
 10927 | D:9      | Found a faded altar of an unknown god.
 10952 | D:9      | Found a hazy altar of Hepliaklqana.
 11283 | D:9      | Found Tenih's Weapon Emporium.
 11285 | D:9      | Found a staircase to the Orcish Mines.
 11291 | D:9      | Bought 7 curare-tipped darts for 50 gold pieces
 11574 | D:10     | Entered Level 10 of the Dungeon
 11709 | D:10     | Offered knowledge of Sticky Flame by Vehumet.
 11879 | D:10     | Reached skill level 5 in Stealth
 12008 | D:10     | Reached **** piety under Vehumet
 12134 | D:10     | Found a stormy altar of Qazlal.
 12191 | D:10     | Noticed a two-headed ogre
 12199 | D:10     | Killed a two-headed ogre
 12200 | D:10     | Reached XP level 11. HP: 61/63 MP: 8/23
 12440 | D:10     | Offered knowledge of Inner Flame by Vehumet.
 12580 | D:10     | Found a staircase to the Lair.
 13175 | Lair:1   | Entered Level 1 of the Lair of Beasts
 13187 | Lair:1   | Reached skill level 1 in Armour
 13847 | Lair:1   | Learned a level 4 spell: Airstrike
 14248 | Lair:1   | Noticed an oklob plant
 14248 | Lair:1   | Noticed an oklob plant
 14262 | Lair:1   | Killed an oklob plant
 14270 | Lair:1   | Killed an oklob plant
 14378 | Lair:1   | Noticed Harold
 14388 | Lair:1   | Killed Harold
 14389 | Lair:1   | Reached skill level 5 in Armour
 14502 | Lair:1   | Noticed an oklob plant
 14514 | Lair:1   | Killed an oklob plant
 14633 | Lair:1   | Noticed an oklob plant
 14640 | Lair:1   | Killed an oklob plant
 15448 | D:11     | Reached ***** piety under Vehumet
 15448 | D:11     | Offered knowledge of Ozocubu's Refrigeration by Vehumet.
 15471 | D:11     | Learned a level 7 spell: Ozocubu's Refrigeration
 15480 | D:11     | Reached XP level 12. HP: 64/69 MP: 22/26
 15959 | D:11     | Reached skill level 1 in Air Magic
 16624 | D:12     | Noticed a five-headed hydra
 16633 | D:12     | Killed a five-headed hydra
 16893 | D:12     | Noticed a fire dragon
 17941 | Lair:2   | Reached skill level 5 in Air Magic
 18578 | Lair:2   | Found a staircase to the Shoals.
 19270 | Lair:3   | Reached skill level 10 in Dodging
 19270 | Lair:3   | Reached skill level 1 in Ice Magic
 20634 | Lair:4   | Reached XP level 13. HP: 73/76 MP: 22/28
 21255 | Lair:4   | Reached skill level 10 in Hexes
 21487 | Lair:4   | Identified the +9 great sword "Dorais" {spect, rC+}
 22103 | Lair:4   | Found a hole to the Spider Nest.
 22395 | Lair:4   | Reached skill level 5 in Ice Magic
 23310 | Lair:4   | Learned a level 4 spell: Olgreb's Toxic Radiance
 23314 | Lair:4   | Learned a level 3 spell: Ignite Poison
 23771 | Lair:5   | Reached skill level 10 in Spellcasting
 24036 | Lair:5   | Found a staircase to the Slime Pits.
 24040 | Lair:5   | Noticed Snorg
 24048 | Lair:5   | Killed Snorg
 24049 | Lair:5   | Reached skill level 1 in Transmutations
 24420 | Lair:6   | Entered Level 6 of the Lair of Beasts
 24631 | Lair:6   | Reached skill level 1 in Poison Magic
 24725 | Lair:6   | Reached skill level 1 in Fire Magic
 26206 | Lair:6   | Reached skill level 5 in Poison Magic
 26206 | Lair:6   | Reached XP level 14. HP: 76/82 MP: 5/30
 28586 | Orc:1    | Entered Level 1 of the Orcish Mines
 28588 | Orc:1    | Offered knowledge of Spellforged Servitor by Vehumet.
 28597 | Orc:1    | Reached skill level 5 in Transmutations
 28682 | Orc:1    | Reached skill level 5 in Fire Magic
 29632 | Orc:2    | Entered Level 2 of the Orcish Mines
 30145 | Orc:2    | Noticed Erolcha
 30151 | Orc:2    | Killed Erolcha
 30309 | Orc:2    | Found a bloodstained altar of Trog.
 30327 | Orc:2    | Found a staircase to the Elven Halls.
 30687 | Orc:2    | Found Tehuhe's Book Boutique.
 31041 | Orc:2    | Noticed an orc warlord
 31390 | Orc:2    | Found Iwkiank's Antique Weapon Shoppe.
 31392 | Orc:2    | Reached ****** piety under Vehumet
 31527 | Orc:2    | Killed an orc warlord
 31527 | Orc:2    | Offered knowledge of Eringya's Noxious Bog by Vehumet.
 32037 | Orc:2    | Found Xagaraek's Antique Armour Shop.
 32039 | Orc:2    | Found Jymmieh's Antique Weapon Boutique.
 32059 | Orc:2    | Bought a spiked leather armour for 196 gold pieces
 32059 | Orc:2    | Identified the +0 leather armour of Too Many Cooks {rF+
                  | Int-2 Dex+4 SInv} (You bought it in a shop on level 2 of
                  | the Orcish Mines)
 32059 | Orc:2    | Bought a pair of boots for 126 gold pieces
 32059 | Orc:2    | Bought a pair of runed gloves for 210 gold pieces
 33299 | D:13     | Noticed Nessos
 33372 | D:13     | Killed Nessos
 34355 | D:14     | Noticed a war gargoyle
 34356 | D:14     | Reached XP level 15. HP: 40/86 MP: 17/33
 34364 | D:14     | Mangled by a war gargoyle

Illustrated notes

Levels and vault maps discovered:
D:1:      dpeg_arrival_arbitrary_c, layout_basic, minmay_misc_feat_room,
          minmay_pentomino_r4
D:2:      layout_basic, minitemple
D:3:      layout_basic, evilmike_ruin_ashenzari,
          amethyst_overflow_temple_binary, chequers_ecumenical_altar_lobes,
          amcnicky_altar_gilded
D:4:      layout_loops_cross, elyvilon_altar_4, gup_ossuary_entry_pyramid,
          minmay_misc_feat_plants
D:5:      layout_layer_cave, lemuel_crystal_altar, kennysheep_mini_moat,
          uniq_pikel, uniq_ijyb
D:6:      layout_basic, grunt_temple_overflow_diamond
D:7:      layout_basic, minmay_temple_entry_statues, hangedman_decor_lopped
D:8:      layout_loops_ring, lemuel_doored_altar,
          chequers_serial_rivers_micro_e, xom_confusion_cloud, uniq_maggie
D:9:      layout_rooms, beargit_hepliaklqana_dungeon_heroes, orc_david_3,
          nrook_mini_backslash
D:10:     layout_stronghold, david_lair_generic, basic_altar
D:11:     statuecave_lemuel, layout_gridville, special_room [special_room_bee]
D:12:     dragon1_lemuel, layout_basic, lemuel_flamethrower_hall
D:13:     layout_small_grid, kennysheep_diamond, uniq_nessos
D:14:     hangedman_what_comes_after_a, layout_stronghold, david_vaults_1,
          minmay_staircase_windowed_small, serial_shops,
          nicolae_shop_competitors_out_of_business
Lair:1:   layout_regular_city, serial_bayou_pond_a, serial_bayou_pond_a,
          minivault_24, grunt_megastairs_3, infiniplex_staircase_pool,
          minmay_lair_oklob_chamber, uniq_harold
Lair:2:   layout_cave_pods, minmay_shoals_entry_centaurs, grunt_megastairs_2,
          uniq_gastronok
Lair:3:   layout_small_grid, chequers_serial_rivers_micro_b
Lair:4:   layout_loops_ring, nicolae_spider_entry_orb_guardian,
          chequers_serial_rivers_marsh
Lair:5:   layout_regular_city, slime_dummy, lemuel_fruit_tree, uniq_snorg
Lair:6:   evilmike_catoblepas_cave, layout_hall_layers,
          infiniplex_staircase_pool_2
Orc:1:    layout_caves
Orc:2:    grunt_orc_community_town_hall, layout_caves,
          grunt_orc_community_big_house_1, grunt_orc_community_big_house_1,
          grunt_orc_community_house_2, grunt_orc_community_house_3,
          grunt_orc_community_house_1, grunt_orc_community_house_3,
          david_defended_altar_orc, uniq_erolcha

Skill      XL: |  1  2  3  4  5  6  7  8  9 10 11 12 13 14 |
---------------+-------------------------------------------+-----
Spellcasting   | 4 5 7 8 9 10 12 | 12.0
Conjurations   | 5 6 7 8 9 |  9.0
Fighting       | 1 2 3 4 5 7 |  7.0
Hexes          | 1 5 7 9 11 12 | 12.0
Dodging        | 5 7 9 10 11 12 | 12.0
Translocations | 3 5 6 7 |  7.5
Evocations     | 1 4 6 7 9 |  9.0
Shields        | 1 4 |  4.0
Stealth        | 5 |  5.0
Armour         | 5 |  5.0
Air Magic      | 7 |  7.0
Ice Magic      | 2 7 |  7.0
Transmutations | 3 5 |  5.0
Poison Magic   | 5 7 |  7.0
Fire Magic     | 3 5 |  5.0

Action                   |  1- 3 |  4- 6 |  7- 9 | 10-12 | 13-15 || total
-------------------------+-------+-------+-------+-------+-------++-------
Melee: Whip              |       |       |       |       |     4 ||     4
 Fire: Hunting sling     |    36 |    49 |    58 |   103 |   130 ||   376
 Cast: Magic Dart        |    34 |     7 |     4 |     2 |       ||    47
       Searing Ray       |     5 |    33 |    61 |   122 |   146 ||   367
       Fulminant Prism   |       |       |     8 |    68 |    77 ||   153
       Iskenderun's Myst |       |       |     2 |    45 |    57 ||   104
       Airstrike         |       |       |       |       |     4 ||     4
       Ignite Poison     |       |       |       |       |    67 ||    67
       Olgreb's Toxic Ra |       |       |       |       |    51 ||    51
Evoke: Wand              |       |       |       |     3 |     4 ||     7
       Condenser vane    |       |       |       |     1 |     1 ||     2
       Box of beasts     |       |       |       |       |     1 ||     1
  Use: Scroll            |       |     7 |     4 |    10 |     7 ||    28
       Potion            |       |       |       |     2 |       ||     2
Armor: Robe              |     4 |     2 |     2 |       |       ||     8
       Acid dragon scale |       |       |       |    35 |    29 ||    64
Dodge: Dodged            |     5 |    15 |    45 |   168 |   164 ||   397
Block: Buckler           |       |       |     2 |    37 |    34 ||    73

Table legend: (Time is in decaauts)
 A = Elapsed time spent in this place.
 B = Non-inter-level travel time spent in this place.
 C = Inter-level travel time spent in this place.
 D = Time resting spent in this place.
 E = Time spent auto-exploring this place.
 F = Levels seen in this place.
 G = Mean time per level.
                   A        B        C        D        E       F      G
               +--------+--------+--------+--------+--------+-----+--------+
         Total |  34505 |  33194 |   1311 |  14326 |  12960 |  23 | 1500.2 |
       Dungeon |  17303 |  16489 |    814 |   6148 |   8312 |  14 | 1235.9 |
          Lair |  13232 |  12791 |    441 |   6169 |   4037 |   6 | 2205.3 |
  Orcish Mines |   3442 |   3386 |     56 |   1709 |    611 |   2 | 1721.0 |
       Ossuary |    527 |    527 |      0 |    300 |      0 |   1 |  527.0 |
               +--------+--------+--------+--------+--------+-----+--------+

Top non-repeatable levels by time:
  Lair:6: 3522 daAuts
   Orc:2: 2580 daAuts
  Lair:1: 2346 daAuts
  Lair:4: 2342 daAuts
    D:11: 2001 daAuts
  Lair:3: 1916 daAuts
     D:9: 1844 daAuts
  Lair:5: 1736 daAuts
     D:5: 1518 daAuts
    D:10: 1510 daAuts
     D:3: 1386 daAuts
  Lair:2: 1368 daAuts
     D:6: 1306 daAuts
     D:7: 1278 daAuts
    D:13: 1168 daAuts
